 Dungeon Crawl Stone Soup version 0.28.0-53-g5a82cb258f (webtiles) character file.

Game seed: 4337761403615627833

370744 nickcage the Slayer (level 21, -11/217 HPs)
             Began as a Minotaur Abyssal Knight on June 8, 2022.
             Was the Champion of Lugonu.
             Mangled by a war gargoyle
             ... wielding a +0 dire flail
              (17 damage)
             ... on level 5 of the Vaults on June 14, 2022.
             The game lasted 04:06:14 (48829 turns).

nickcage the Slayer (Minotaur Abyssal Knight)      Turns: 48829, Time: 04:06:15

Health: -11/217    AC: 47    Str: 33    XL:     21   Next: 69%
Magic:  25/25      EV: 14    Int:  7    God:    Lugonu [******]
Gold:   2489       SH: 16    Dex: 12    Spells: 20/20 levels left

rFire   . . .      SeeInvis .   R - +8 eveningstar (distort)
rCold   . . .      Faith    .   f - +1 kite shield "Cisaoxtu" {Contam rPois Str+5}
rNeg    + . .      Spirit   .   m - +15 Maxwell's patent armour {-Cast -Tele rElec Will+ rCorr}
rPois   +          Reflect  .   h - +2 hat
rElec   +          Harm     .   I - +2 cloak {Stlth+}
rCorr   +          Rampage  .   k - +2 pair of gloves
Will    ++...      NoTele   +   N - +2 pair of boots
Stlth   .......... NoCast   +   Q - amulet of regeneration
HPRegen 1.26/turn               q - +4 ring of evasion
MPRegen 0.19/turn               r - ring of positive energy

@: no status effects
A: horns 2, retaliatory headbutt
}: 2/15 runes: decaying, serpentine
a: Renounce Religion, Depart the Abyss, Bend Space, Banish, Corrupt, Enter the
Abyss


You were on level 5 of the Vaults.
You worshipped Lugonu.
Lugonu was exalted by your worship.
You visited 7 branches of the dungeon, and saw 39 of its levels.
You visited the Abyss 4 times.
You also visited: Ossuary, Gauntlet, Ice Cave and Desolation.

You collected 4998 gold pieces.
You spent 2509 gold pieces at shops.

Inventory:

Hand Weapons
 F - the +8 morningstar of Ricemaeh {protect, Will+ SInv}
   (You found it on level 3 of the Elven Halls)

   It grants its wielder temporary protection when it strikes (+7 to AC).
   SInv:      It lets you see invisible.
   Will:      It increases your willpower.
 R - a +8 eveningstar of distortion (weapon)
Missiles
 o - 64 poisoned darts (quivered)
Armour
 f - the +1 kite shield "Cisaoxtu" (worn) {Contam rPois Str+5}
   (You found it on level 3 of the Lair of Beasts)

   Str:       It affects your strength (+5).
   rPois:     It protects you from poison.
   Contam:    It causes magical contamination when unequipped.
 h - a +2 hat (worn)
 k - a +2 pair of gloves (worn)
 m - the +15 Maxwell's patent armour (worn) {-Cast -Tele rElec Will+ rCorr}
   (You found it on level 3 of the Elven Halls)

   rElec:     It insulates you from electricity.
   -Cast:     It prevents spellcasting.
   -Tele:     It prevents most forms of teleportation.
   rCorr:     It protects you from acid and corrosion.
   Will:      It increases your willpower.
 I - a +2 cloak of stealth (worn)
 N - a +2 pair of boots (worn)
 S - the +1 cloak "Fibuisse" {rC- Regen+ Str+2}
   (You found it on level 4 of the Vaults)

   Str:       It affects your strength (+2).
   rC:        It makes you vulnerable to cold.
   Regen:     It increases your rate of health regeneration.
 Z - the +8 orange crystal plate armour {Archmagi, Int+3 Clar}
   (You bought it in a shop on level 9 of the Dungeon)

   Int:       It affects your intelligence (+3).
   Clar:      It protects you against confusion.
Jewellery
 d - a ring of flight
 g - a ring of willpower
 n - a ring of resist corrosion
 q - a +4 ring of evasion (left hand)
 r - a ring of positive energy (right hand)
 y - a +6 ring of strength
 A - a ring of poison resistance
 K - a +4 ring of slaying
 P - a +6 ring of strength
 Q - an amulet of regeneration (around neck)
 V - a +6 ring of strength
Wands
 a - a wand of digging (18)
 j - a wand of iceblast (46)
 p - a wand of polymorph (22)
 x - a wand of paralysis (30)
 z - a wand of acid (8)
 C - a wand of flame (58)
 D - a wand of mindburst (18)
Scrolls
 b - 3 scrolls of silence
 c - 24 scrolls of teleportation
 e - 9 scrolls of fear
 s - 9 scrolls of blinking
 v - 4 scrolls of amnesia
 L - 2 scrolls of holy word
 Y - 16 scrolls of identify
Potions
 i - 13 potions of curing
 l - 9 potions of resistance
 t - 8 potions of haste
 u - 2 potions of ambrosia
 B - 10 potions of mutation
 G - 2 potions of berserk rage
 H - a potion of invisibility
 J - 2 potions of heal wounds
 M - 5 potions of might
 O - 2 potions of cancellation
 U - 3 potions of flight
Miscellaneous
 w - a tin of tremorstones (1/2)
 E - a box of beasts
 T - a phial of floods


   Skills:
 * Level 25.1 Fighting
 - Level 12.3 Long Blades
 - Level 14.6(19.7) Axes
 + Level 21.4(23.0) Maces & Flails
 - Level 20.0 Armour
 - Level 4.0 Dodging
 - Level 20.0 Shields
 - Level 7.1 Invocations


You had 20 spell levels left.
You didn't know any spells.
Your spell library contained the following spells:

 Spells                   Type           Power      Damage    Failure   Level
 Animate Skeleton         Necr           0%         N/A       93%         1
 Apportation              Tloc           0%         N/A       93%         1
 Foxfire                  Conj/Fire      0%         2x1d4     93%         1
 Freeze                   Ice            0%         1d3       93%         1
 Magic Dart               Conj           0%         1d3       93%         1
 Sandblast                Erth           0%         2d4       93%         1
 Slow                     Hex            0%         N/A       93%         1
 Summon Small Mammal      Summ           0%         N/A       93%         1
 Blink                    Tloc           0%         N/A       98%         2
 Scorch                   Fire           0%         2d5       98%         2
 Searing Ray              Conj           0%         2d4       98%         2
 Static Discharge         Conj/Air       0%         N/A       98%         2
 Sublimation of Blood     Necr           0%         N/A       98%         2
 Wereblood                Tmut           0%         N/A       98%         2
 Confusing Touch          Hex            0%         N/A       100%        3
 Conjure Flame            Conj/Fire      0%         6-21      100%        3
 Dazzling Flash           Conj/Hex       0%         N/A       100%        3
 Frozen Ramparts          Ice            0%         1d2       100%        3
 Gell's Gravitas          Tloc           0%         N/A       100%        3
 Ignite Poison            Fire/Tmut/Pois 0%         N/A       100%        3
 Inner Flame              Hex/Fire       0%         N/A       100%        3
 Lesser Beckoning         Tloc           0%         N/A       100%        3
 Ozocubu's Armour         Ice            0%         N/A       100%        3
 Stone Arrow              Conj/Erth      0%         3d7       100%        3
 Swiftness                Air            0%         N/A       100%        3
 Teleport Other           Tloc           0%         N/A       100%        3
 Tukima's Dance           Hex            0%         N/A       100%        3
 Vampiric Draining        Necr           0%         2d6       100%        3
 Airstrike                Air            0%         N/A       100%        4
 Animate Armour           Summ/Erth      0%         N/A       100%        4
 Flame Wave               Conj/Fire      0%         2d4       100%        4
 Fulminant Prism          Conj/Hex       0%         3d6       100%        4
 Hailstorm                Conj/Ice       0%         3d3       100%        4
 Ice Form                 Ice/Tmut       0%         N/A       100%        4
 Passage of Golubria      Tloc           0%         N/A       100%        4
 Petrify                  Tmut/Erth      0%         N/A       100%        4
 Sticky Flame             Conj/Fire      0%         2d3       100%        4
 Summon Ice Beast         Ice/Summ       0%         N/A       100%        4
 Summon Lightning Spire   Summ/Air       0%         N/A       100%        4
 Agony                    Necr           0%         N/A       100%        5
 Blade Hands              Tmut           0%         N/A       100%        5
 Fireball                 Conj/Fire      0%         3d3       100%        5
 Lee's Rapid Deconstruct  Erth           0%         3d5*      100%        5
 Lightning Bolt           Conj/Air       0%         1d11      100%        5
 Manifold Assault         Tloc           0%         N/A       100%        5
 Metabolic Englaciation   Hex/Ice        0%         N/A       100%        5
 Silence                  Hex/Air        0%         N/A       100%        5
 Yara's Violent Unravell  Hex/Tmut       0%         3d3       100%        5
 Conjure Ball Lightning   Conj/Air       0%         3x3d6     100%        6
 Death Channel            Necr           0%         N/A       100%        6
 Dispersal                Tloc           0%         N/A       100%        6
 Starburst                Conj/Fire      0%         6d3       100%        6
 Statue Form              Tmut/Erth      0%         N/A       100%        6
 Ozocubu's Refrigeration  Ice            0%         4d5       100%        7
 Storm Form               Tmut/Air       0%         N/A       100%        7
 Summon Hydra             Summ           0%         N/A       100%        7
 Discord                  Hex            0%         N/A       100%        8
 Disjunction              Tloc           0%         N/A       100%        8
 Lehudib's Crystal Spear  Conj/Erth      0%         10d2      100%        8
 Fire Storm               Conj/Fire      0%         5d1       100%        9


Dungeon Overview and Level Annotations

Branches:
Dungeon (15/15)            Temple (0/1) D:5            Lair (6/6) D:9
  Swamp (4/4) Lair:2        Snake (4/4) Lair:3        Slime (0/5) Lair:6
    Orc (2/2) D:10            Elf (3/3) Orc:2        Vaults (5/5) D:13
  Crypt (0/3) Vaults:2     Depths (0/4) D:15        Ossuary (visited)
  IceCv (visited)         Desolation (visited)      Gauntlet (visited)

Altars:
Ashenzari
Cheibriados
Dithmenos
Hepliaklqana
Kikubaaqudgha
Makhleb
Okawaru
Qazlal
Ru
Sif Muna
Trog
Uskayaw
Vehumet
Wu Jian
Xom
The Shining One
Beogh
Jiyva

Shops:
D:1 (?   D:2 :   D:8 *   D:9 [   D:10 (   Orc:1 [   Orc:2 !:?!*   Elf:2 =
Snake:3 **   Vaults:1 =

Portals:
Hell: Lair:6

Annotations:
D:14 exclusion: statue
Lair:5 2 transporters
Lair:6 1 runed translucent door, KrombopulosMichael's ghost, adept FoHu
Abyss:1 Aizul; Saint Roka; Vashnia


Innate Abilities, Weirdness & Mutations

You have a pair of horns on your head.
You reflexively headbutt those who attack you in melee.


Message History

The quicksilver dragon bites you but does no damage.
The quicksilver dragon claws you but does no damage.
You block the vault guard's attack.
You hear a shout! x2
You feel much better.
The quicksilver dragon breathes dispelling energy at you.
The bolt of dispelling energy hits you!
* * * LOW HITPOINT WARNING * * *
The phantasmal warrior gestures at you.
The phantasmal warrior blinks!
You block the war gargoyle's attack.
The titan waves its arms in wide circles.
The air twists around and strikes you!
* * * LOW HITPOINT WARNING * * *
A lindwurm comes into view.
You block the vault guard's attack.
Hit: R) +8 eveningstar (distort)
Press: ? - help, Dir - move target, f - war gargoyle
Aim: a war gargoyle, wielding a +0 dire flail (about 10% to evade your +8 eveningstar of distortion)
Okay, then.
The tremorstone explodes into fragments!
The burst of rock shards engulfs the vault guard but does no damage. x2
The burst of rock shards engulfs the vault guard.
The burst of rock shards engulfs the titan!
The burst of rock shards engulfs the stone giant but does no damage.
The burst of rock shards engulfs the vault guard!
The burst of rock shards engulfs the titan but does no damage.
The burst of rock shards engulfs the vault guard.
The burst of rock shards engulfs the ettin!
The burst of rock shards engulfs the vault guard.
The burst of rock shards engulfs the vault guard!
The burst of rock shards engulfs the storm dragon but does no damage.
The burst of rock shards engulfs the vault guard.
The burst of rock shards engulfs the vault guard!
The burst of rock shards engulfs the ettin.
The burst of rock shards engulfs the vault guard but does no damage.
You hear a shout!
You block the quicksilver dragon's attack.
The quicksilver dragon claws you but does no damage.
The war gargoyle hits you with a +0 dire flail!
You die... #....# #.p..# #...p# #....# #...W# #..p§# #..9p# #...@# #.pD9# #CppC#

#pC.p#
....#pCCp#
....#pp.D# #
####..#..pp#
#..#
..........k#..#
.........p..#


You could see an ironbound preserver, 2 titans, a storm dragon, a quicksilver
dragon, a stone giant, a vault warden, 13 vault guards, 2 ettins, 2 war
gargoyles, a lindwurm and a phantasmal warrior (strong).

Vanquished Creatures
  Bai Suzhen (Snake:3)
  Margery (Vaults:4)
  A tentacled monstrosity (Vaults:5)
  Mlioglotl (Snake:3)
  3 deep elf blademasters (Elf:3)
  2 deep elf master archers (Elf:3)
  2 quicksilver dragons (Snake:4)
  Frances (Swamp:2)
  Kirke (Swamp:4)
  A tengu reaver (Vaults:3)
  An azure jelly (shapeshifter) (D:15)
  A daeva (Abyss:2)
  A shadow dragon (Vaults:4)
  Donald (Vaults:1)
  2 nagarajas
  5 deep elf sorcerers
  A frost giant (Vaults:4)
  2 imperial myrmidons (Desolation)
  Louise (Swamp:1)
  An orc warlord (D:10)
  15 vault wardens
  3 deep elf elementalists (Elf:3)
  14 ironbound preservers
  A ghoul (Swamp:3)
  A reaper (IceCv)
  12 very ugly things
  6 ironbound thunderhulks
  3 war gargoyles
  2 bunyips
  A deep elf demonologist (Elf:3)
  4 dire elephants
  2 eleionomae (Swamp:1)
  The ghost of Zyfogi the Thaumaturge, a journeyman MfIE of Qazlal (D:14)
  5 deep elf annihilators
  A minotaur (Gauntlet)
  An ettin (Vaults:1)
  4 ragged hierophants (Desolation)
  3 deep elf death magi
  A jiangshi (Vaults:2)
  3 deep elf high priests
  A great orb of eyes (D:15)
  A fire dragon (D:9)
  5 yaktaur captains
  A shambling mangrove (Swamp:4)
  3 peacekeepers
  21 hydras
  10 naga warriors
  17 vault guards
  2 servants of whispers (Desolation)
  3 ogre magi (Orc:2)
  6 boulder beetles
  3 catoblepae
  12 centaur warriors
  A ghost crab (Swamp:3)
  9 ironbound frosthearts
  17 two-headed ogres
  8 anacondas
  23 dancing weapons
  A tengu warrior (D:13)
  13 alligators
  14 death yaks
  A vampire mage (Vaults:2)
  2 shock serpents
  13 deep elf knights
  17 naga sharpshooters
  A sun demon (Lair:6)
  2 hell knights (Vaults:4)
  10 skeletal warriors
  29 slime creatures
  A death drake (Swamp:2)
  2 fire crabs
  5 spriggan druids
  4 goliath frogs
  A sea snake (Snake:1)
  35 deep trolls
  12 wizards
  10 swamp dragons
  14 ironbound convokers
  2 bog bodies
  3 deep elf archers
  3 naga ritualists
  10 lindwurms
  5 harpies (Vaults:4)
  17 deep elf zephyrmancers
  4 necromancers
  4 orc knights
  2 orc sorcerers
  4 phantasmal warriors
  18 deep elf pyromancers
  3 manticores
  8 salamanders
  35 ugly things
  4 elephants
  3 cyclopes
  10 mana vipers
  11 guardian serpents
  2 molten gargoyles (Vaults:1)
  2 will-o-the-wisps
  41 black mambas
  Joseph (D:10)
  9 naga magi
  4 orange demons (Lair:6)
  2 unseen horrors (D:12)
  2 ice statues (IceCv)
  2 torpor snails
  14 vault sentinels
  A gargoyle (D:12)
  Psyche (D:9)
  A cane toad (shapeshifter) (D:14)
  9 cane toads
  11 komodo dragons
  5 ice devils
  13 yaktaurs
  14 rime drakes
  6 entropy weaver simulacra
  2 anaconda simulacra (IceCv)
  A red devil (Lair:6)
  2 kobold demonologists (D:5)
  A hellwing (Lair:6)
  7 trolls
  4 polar bears
  Grinder (D:5)
  14 hornets
  4 tyrant leeches
  21 saltlings
  Prince Ribbit (D:6)
  10 blink frogs
  5 air elementals
  Sigmund (D:6)
  15 spriggans
  7 water elementals
  2 shadows
  A wyvern (Lair:1)
  A dire elephant simulacrum (IceCv)
  A ynoxinul (Abyss:2)
  3 fire bats (Gauntlet)
  6 wraiths
  54 yaks
  A vampire (D:13)
  6 fire elementals
  A hog (Swamp:4)
  8 basilisks
  A neqoxec (Abyss:2)
  10 vampire mosquitoes
  Menkaure (D:5)
  4 wargs
  2 harpy simulacra (IceCv)
  35 nagas
  13 swamp worms
  A death yak simulacrum (Lair:4)
  3 acid dragons
  17 water moccasins
  4 hell hounds (Lair:6)
  33 orc warriors
  A black bear (Lair:2)
  An ice beast (D:7)
  A sky beast (D:6)
  A hornet zombie (D:8)
  6 swamp drakes
  5 necrophages
  21 wolves
  28 ogres
  5 boggarts (Vaults:2)
  5 centaurs
  A phantom (D:4)
  9 kobold brigands
  An elf zombie (Ossuary)
  10 bullfrogs
  4 two-headed ogre simulacra
  4 earth elementals
  A gnoll sergeant (D:8)
  A scorpion (D:3)
  A water moccasin zombie (D:6)
  A wyvern zombie (D:6)
  A water moccasin skeleton (D:5)
  11 killer bees
  An elephant simulacrum (Lair:4)
  8 wights
  12 howler monkeys
  11 electric eels
  4 bullfrog zombies
  6 centaur zombies
  2 human zombies
  A lava snake (Vaults:1)
  5 hounds
  4 jellies
  23 orc priests
  A centaur skeleton (D:7)
  4 gnoll shamans
  8 hell rats (Lair:6)
  Ijyb (D:5)
  An iguana (D:7)
  22 orc wizards
  A polar bear simulacrum (IceCv)
  3 spriggan simulacra
  A wolf simulacrum (Lair:4)
  A killer bee zombie (D:5)
  A centaur simulacrum (D:9)
  A hound zombie (D:5)
  4 mummies
  A howler monkey zombie (D:6)
  16 gnolls
  A howler monkey skeleton (D:5)
  8 adders
  A naga simulacrum (Lair:4)
  2 shadow imps
  3 white imps
  A howler monkey simulacrum (D:9)
  An adder skeleton (D:4)
  3 adder zombies (Ossuary)
  A worm (D:3)
  3 dart slugs
  93 orcs
  7 endoplasms
  4 giant cockroaches
  4 goblins
  10 hobgoblins
  6 jackals
  33 kobolds
  4 quokkas
  7 ball pythons
  8 bats
  5 frilled lizards
  A goblin zombie (Ossuary)
  12 hobgoblin zombies (Ossuary)
  A jackal zombie (Ossuary)
  8 kobold zombies (Ossuary)
  7 orc zombies (Ossuary)
  11 rats
  A rat zombie (Ossuary)
1541 creatures vanquished.

Vanquished Creatures (others)
  A ghoul (Swamp:3)
  An ogre mage (Vaults:1)
  2 deep elf zephyrmancers (Elf:1)
  A saltling (Desolation)
  A human (Swamp:4)
  A bush (Lair:2)
  2 foxfires (Swamp:1)
  33 fungi
  96 plants
  2 withered plants (D:12)
140 creatures vanquished.

Grand Total: 1681 creatures vanquished

Notes
Turn   | Place    | Note
-------+----------+-------------------------------------------
     0 | Abyss:1  | nickcage the Minotaur Abyssal Knight began the quest for
                  | the Orb.
     0 | Abyss:1  | Reached XP level 1. HP: 19/19 MP: 1/1
     0 | D:1      | Escaped the Abyss
   195 | D:1      | Found Qysoar's Magic Scroll Shoppe.
   250 | D:1      | Reached * piety under Lugonu
   251 | D:1      | Reached XP level 2. HP: 26/26 MP: 2/2
   264 | D:1      | Found Feqeuw's Antique Weapon Shoppe.
   842 | D:2      | Found Peelet's Book Emporium.
   934 | D:2      | Reached XP level 3. HP: 31/31 MP: 3/3
   997 | D:2      | Found a faded altar of an unknown god.
  1250 | D:2      | Reached skill level 5 in Long Blades
  1468 | D:2      | Reached XP level 4. HP: 32/39 MP: 4/4
  2308 | D:3      | Reached ** piety under Lugonu
  2346 | D:3      | Found a radiant altar of Vehumet.
  2526 | D:3      | Noticed a scorpion
  2532 | D:3      | Killed a scorpion
  2533 | D:3      | Reached XP level 5. HP: 28/45 MP: 5/5
  3005 | D:3      | Found an ornate altar of the Wu Jian Council.
  3050 | D:4      | Noticed an ogre
  3092 | D:4      | Noticed a phantom
  3110 | D:4      | Killed a phantom
  3111 | D:4      | Reached XP level 6. HP: 46/51 MP: 6/6
  3702 | D:4      | Reached XP level 7. HP: 54/57 MP: 7/7
  4020 | D:4      | Found a shimmering blue altar of Sif Muna.
  4021 | D:4      | Found a hide-covered altar of Uskayaw.
  4049 | D:4      | Reached skill level 10 in Long Blades
  4230 | D:5      | Entered Level 5 of the Dungeon
  4230 | D:5      | Found a sand-covered staircase.
  4243 | Ossuary  | Entered an ossuary
  4298 | Ossuary  | Reached *** piety under Lugonu
  4459 | Ossuary  | Reached skill level 4 in Fighting
  4651 | D:5      | Reached XP level 8. HP: 66/66 MP: 8/8
  4680 | D:5      | Reached **** piety under Lugonu
  4703 | D:5      | Found a burning altar of Makhleb.
  4713 | D:5      | Noticed Ijyb
  4716 | D:5      | Paralysed by Ijyb for 5 turns
  4725 | D:5      | Killed Ijyb
  4763 | D:5      | Noticed Menkaure
  4769 | D:5      | Killed Menkaure
  4868 | D:5      | Noticed a kobold demonologist
  4869 | D:5      | Noticed a kobold demonologist
  4870 | D:5      | Noticed a red devil
  4871 | D:5      | Noticed an ice devil
  4881 | D:5      | Noticed a hellwing
  4898 | D:5      | Found a staircase to the Ecumenical Temple.
  5026 | D:5      | Reached skill level 5 in Fighting
  5097 | D:5      | Found a shadowy altar of Dithmenos.
  5194 | D:5      | Noticed Grinder
  5223 | D:5      | Killed Grinder
  5585 | D:1      | Bought an ancient hand axe for 192 gold pieces
  5585 | D:1      | Identified the +8 hand axe of the Ancient Olives {holy,
                  | Dex+3} (You bought it in a shop on level 1 of the Dungeon)
  5729 | D:6      | Reached skill level 1 in Axes
  5925 | D:6      | Noticed Sigmund
  5936 | D:6      | Killed Sigmund
  5937 | D:6      | Reached skill level 6 in Fighting
  5937 | D:6      | Reached XP level 9. HP: 72/75 MP: 9/9
  6045 | D:6      | Found a broken altar of Ashenzari.
  6211 | D:6      | Noticed Prince Ribbit
  6222 | D:6      | Killed Prince Ribbit
  6223 | D:6      | Reached skill level 5 in Armour
  6323 | D:6      | Found an ancient bone altar of Kikubaaqudgha.
  6335 | D:6      | Reached skill level 5 in Axes
  6611 | D:5      | Killed a kobold demonologist
  6739 | D:5      | Killed a kobold demonologist
  7108 | D:7      | Reached XP level 10. HP: 70/84 MP: 10/10
  7216 | D:7      | Reached ***** piety under Lugonu
  7329 | D:7      | Noticed a boulder beetle
  7383 | D:7      | Found a bloodstained altar of Trog.
  7406 | D:7      | Reached skill level 10 in Axes
  8460 | D:7      | Killed a boulder beetle
  8819 | D:8      | Got the Papyrus of Creative Ignition
  9137 | D:8      | Found Rucag's General Store.
  9510 | D:9      | Found Naycsel's Armour Boutique.
  9516 | D:9      | Bought a +2 cloak of stealth for 258 gold pieces
  9536 | D:9      | Found a hazy altar of Hepliaklqana.
  9536 | D:9      | Noticed Psyche
  9541 | D:9      | Killed Psyche
  9606 | D:9      | Reached XP level 11. HP: 87/90 MP: 12/12
  9618 | D:9      | Found a staircase to the Lair.
 10173 | D:9      | Found a glowing golden altar of the Shining One.
 10175 | D:9      | Found an ornate altar of the Wu Jian Council.
 10175 | D:9      | Found a snail-covered altar of Cheibriados.
 10177 | D:9      | Found a bloodstained altar of Trog.
 10177 | D:9      | Found a shimmering altar of Xom.
 10177 | D:9      | Found a bloodstained altar of Trog.
 10465 | D:9      | Noticed a six-headed hydra
 10538 | D:9      | Found a stormy altar of Qazlal.
 10595 | Lair:1   | Entered Level 1 of the Lair of Beasts
 11557 | Lair:1   | Identified the +5 hunting sling of Instinct {flame, Str+4}
 12084 | Lair:2   | Reached ****** piety under Lugonu
 12110 | Lair:2   | Reached skill level 5 in Invocations
 12273 | Lair:2   | Reached skill level 7 in Fighting
 12485 | Lair:2   | Reached skill level 10 in Armour
 12626 | Lair:2   | Noticed a six-headed hydra
 13111 | Lair:2   | Reached XP level 12. HP: 83/100 MP: 15/15
 13355 | Lair:2   | Killed an eight-headed hydra
 13874 | Lair:2   | Reached skill level 8 in Fighting
 13936 | Lair:2   | Found a staircase to the Swamp.
 14492 | Lair:3   | You fall into a shaft and drop 1 floor!
 14534 | Lair:4   | Identified the +1 leather armour of a sewer {Will- Dex+7}
 14538 | Lair:4   | Noticed a death yak
 14539 | Lair:4   | Noticed a death yak
 14558 | Lair:3   | Killed a death yak
 14870 | Lair:3   | Identified the +1 kite shield "Cisaoxtu" {Contam rPois
                  | Str+5}
 14971 | Lair:3   | Found a staircase to the Snake Pit.
 15187 | Lair:3   | Reached skill level 9 in Fighting
 15320 | Lair:3   | Noticed a death yak
 15320 | Lair:3   | Noticed a death yak
 15321 | Lair:3   | Noticed a death yak
 15321 | Lair:3   | Noticed a death yak
 15349 | Lair:3   | Killed a death yak
 15350 | Lair:3   | Reached skill level 1 in Shields
 15350 | Lair:3   | Noticed a death yak
 15360 | Lair:3   | Killed a death yak
 15372 | Lair:3   | Killed a death yak
 15694 | Lair:3   | Reached skill level 10 in Fighting
 15941 | Lair:3   | Killed a death yak
 15949 | Lair:3   | Killed a death yak
 16437 | Lair:4   | Reached skill level 11 in Fighting
 16532 | Lair:4   | Noticed a seven-headed hydra
 16553 | Lair:4   | Killed a seven-headed hydra
 16684 | Lair:3   | Killed a death yak
 16690 | Lair:3   | Reached XP level 13. HP: 78/116 MP: 16/16
 17019 | Lair:4   | Reached skill level 5 in Shields
 17028 | Lair:4   | Reached skill level 12 in Fighting
 17844 | Lair:5   | Found a transporter.
 17906 | Lair:5   | Found a transporter.
 18576 | Lair:6   | Entered Level 6 of the Lair of Beasts
 18787 | Lair:6   | Reached skill level 13 in Fighting
 18882 | Lair:6   | Reached skill level 10 in Shields
 19003 | Lair:6   | Identified a +6 eveningstar of distortion (a +4 eveningstar
                  | corrupted by Lugonu)
 19003 | Lair:6   | Received a gift from Lugonu
 19047 | Lair:6   | Reached skill level 1 in Maces & Flails
 19103 | Lair:6   | Found a burning altar of Makhleb.
 19189 | Lair:6   | Found a gateway to Hell.
 19196 | Lair:6   | Identified the amulet "Waoskuih" {Spirit Dex+4}
 19362 | Lair:6   | Reached skill level 5 in Maces & Flails
 19362 | Lair:6   | Reached XP level 14. HP: 121/129 MP: 17/17
 19374 | Lair:6   | Found a staircase to the Slime Pits.
 19375 | Lair:6   | Found a viscous altar of Jiyva.
 19570 | Lair:6   | Found a runed translucent door.
 19574 | Lair:6   | Noticed KrombopulosMichael's ghost (adept FoHu)
 19575 | Lair:6   | Identified the +1 spear of Zuyvvedy {flame, Dex+3}
 20176 | D:9      | Got the Compendium of Feathers
 20296 | D:10     | Entered Level 10 of the Dungeon
 20532 | D:10     | Found a staircase to the Orcish Mines.
 20660 | D:10     | Found Yxkof's Weapon Boutique.
 20762 | D:10     | Noticed Joseph
 20770 | D:10     | Killed Joseph
 20866 | D:10     | Found a glowing golden altar of the Shining One.
 22199 | D:12     | Reached skill level 10 in Maces & Flails
 22317 | D:12     | You fall into a shaft and drop 2 floors!
 22327 | D:14     | Found a gate leading to a gauntlet.
 22334 | Gauntlet | Entered a Gauntlet
 22334 | Gauntlet | Found a transporter.
 22334 | Gauntlet | Found a transporter.
 22334 | Gauntlet | Found a transporter.
 22335 | Gauntlet | Found a transporter.
 22336 | Gauntlet | Found a transporter.
 22339 | Gauntlet | Found a transporter.
 22343 | Gauntlet | Found a runed translucent door.
 22345 | Gauntlet | Found a transporter.
 22347 | Gauntlet | Found a transporter.
 22348 | Gauntlet | Found a transporter.
 22350 | Gauntlet | Found a transporter.
 22363 | Gauntlet | Found a transporter.
 22369 | Gauntlet | Found a transporter.
 22393 | Gauntlet | Found a runed translucent door.
 22639 | Gauntlet | Identified the amulet of Unoupuirgh {Spirit Dex+3}
 22727 | Gauntlet | Identified the +7 mace of the Glimmering Spider {vorpal,
                  | Str+4}
 23058 | D:14     | Found a runed translucent gate.
 23059 | D:14     | Found a runed translucent gate.
 23060 | D:14     | Found a runed translucent gate.
 23060 | D:14     | Noticed Zyfogi's ghost (journeyman MfIE)
 23185 | D:14     | Found a radiant altar of Vehumet.
 23221 | D:14     | Reached XP level 15. HP: 84/136 MP: 18/18
 23525 | D:13     | Found a gate to the Vaults.
 23750 | D:13     | Found a frozen archway.
 23771 | IceCv    | Entered an ice cave
 25909 | D:14     | Killed Zyfogi's ghost
 25967 | D:15     | Entered Level 15 of the Dungeon
 26025 | D:14     | Reached skill level 14 in Fighting
 26293 | D:15     | Found a sacrificial altar of Ru.
 26711 | D:15     | Reached skill level 15 in Maces & Flails
 26795 | D:15     | Noticed an azure jelly
 26795 | D:15     | a dire elephant changed into an azure jelly
 26798 | D:15     | Killed an azure jelly
 26882 | D:15     | Found a staircase to the Depths.
 27333 | Orc:1    | Entered Level 1 of the Orcish Mines
 27348 | Orc:1    | Paralysed by an orc sorcerer for 6 turns
 27457 | Orc:1    | Found Teipin's Antique Armour Emporium.
 27665 | Orc:1    | Noticed an orc warlord
 27754 | D:10     | Killed an orc warlord
 28235 | Orc:2    | Entered Level 2 of the Orcish Mines
 28268 | Orc:2    | Found Fokoat's Distillery.
 28380 | Orc:2    | Reached XP level 16. HP: 147/147 MP: 20/20
 28611 | Orc:2    | Reached skill level 15 in Shields
 28653 | Orc:2    | Found Symimagam's Book Shop.
 28653 | Orc:2    | Found Naripnatai's Distillery.
 28654 | Orc:2    | Found Forim's Magic Scroll Shoppe.
 28654 | Orc:2    | Found Huc Zit's Assorted Antiques.
 28742 | Orc:2    | Bought an ichor-stained long sword for 280 gold pieces
 28742 | Orc:2    | Identified the +6 long sword "Wuoqihiw" {flame, *Corrode
                  | Str+4} (You bought it in a shop on level 2 of the Orcish
                  | Mines)
 28743 | Orc:2    | Bought a scroll of magic mapping for 45 gold pieces
 28852 | Orc:2    | Found a staircase to the Elven Halls.
 29183 | D:9      | Bought the +8 orange crystal plate armour {Archmagi, Int+3
                  | Clar} for 1734 gold pieces
 29183 | D:9      | Found the +8 orange crystal plate armour {Archmagi, Int+3
                  | Clar}
 29275 | Swamp:1  | Entered Level 1 of the Swamp
 29747 | Swamp:1  | Reached skill level 15 in Armour
 29798 | Swamp:1  | Got Ezis's Tome of Shifting Evil Secrets
 29939 | Swamp:2  | Noticed Louise
 29976 | Swamp:1  | Killed Louise
 30422 | Swamp:2  | Noticed Frances
 30438 | Swamp:2  | Killed Frances
 31154 | Swamp:4  | Entered Level 4 of the Swamp
 31306 | Swamp:4  | Reached XP level 17. HP: 154/154 MP: 21/21
 31460 | Swamp:4  | Identified the +1 chain mail of Resonance {*Corrode +Blink
                  | rPois}
 31480 | Swamp:4  | Noticed Kirke
 31493 | Swamp:4  | Killed Kirke
 31722 | Swamp:4  | Got a decaying rune of Zot
 32142 | Snake:1  | Entered Level 1 of the Snake Pit
 32201 | Snake:1  | Identified the +1 robe "Qubuqekh" {rF+ Dex+2}
 33324 | Snake:2  | Noticed Vashnia
 33834 | Snake:2  | Reached skill level 15 in Fighting
 33846 | Snake:2  | Banished Vashnia
 34036 | Snake:2  | Noticed Aizul
 34047 | Snake:2  | Banished Aizul
 34498 | Snake:3  | Noticed Bai Suzhen
 34536 | Snake:3  | Noticed Mlioglotl
 34585 | Snake:3  | Reached XP level 18. HP: 51/163 MP: 22/22
 34943 | Snake:3  | Killed Mlioglotl
 34978 | Snake:3  | Found Ixomum's Assorted Antiques.
 34983 | Snake:3  | Found Aceuklarr's General Store.
 35444 | Snake:3  | Killed Bai Suzhen
 35612 | Snake:4  | Entered Level 4 of the Snake Pit
 35719 | Snake:4  | Found an iron altar of Okawaru.
 36743 | Snake:4  | Reached skill level 16 in Fighting
 36942 | Snake:4  | Got a serpentine rune of Zot
 37604 | Elf:1    | Entered Level 1 of the Elven Halls
 38365 | Elf:1    | Identified the +6 hunting sling of Day {freeze, rC+ Str+6}
 38446 | Elf:2    | Found Vuest's Jewellery Shop.
 38470 | Elf:2    | Paralysed by an air elemental for 1 turns
 38610 | Elf:2    | Reached skill level 17 in Fighting
 38755 | Elf:2    | Found an ancient bone altar of Kikubaaqudgha.
 38962 | Elf:2    | Found a huge runed translucent gate.
 38964 | Elf:2    | Found a huge runed translucent gate.
 38969 | Elf:2    | Found a huge runed translucent gate.
 38970 | Elf:2    | Found a huge runed translucent gate.
 38970 | Elf:2    | Found a huge runed translucent gate.
 39482 | Elf:2    | Reached XP level 19. HP: 143/177 MP: 23/23
 39779 | Elf:3    | Entered Level 3 of the Elven Halls
 39782 | Elf:3    | Paralysed by an air elemental for 1 turns
 40107 | Elf:3    | Noticed Saint Roka
 40241 | Elf:3    | Banished Saint Roka
 40245 | Elf:3    | Paralysed by an air elemental for 1 turns
 40250 | Elf:3    | Paralysed by an air elemental for 1 turns
 40344 | Elf:3    | Paralysed by an air elemental for 1 turns
 40550 | Elf:3    | Reached skill level 18 in Fighting
 40719 | Elf:3    | Cast into level 3 of the Abyss (a deep elf sorcerer)
 40727 | Elf:3    | Escaped the Abyss
 40868 | Elf:3    | Cast into level 3 of the Abyss (a deep elf sorcerer)
 40871 | Elf:3    | Escaped the Abyss
 41758 | Elf:3    | Identified the +8 broad axe "Hoasov" {distort, rCorr Str+2
                  | Int-2}
 41763 | Elf:3    | Got Magic, Part Two
 41766 | Elf:3    | Identified the +8 morningstar of Ricemaeh {protect, Will+
                  | SInv}
 41767 | Elf:3    | Identified the +1 great mace "Desuekka" {speed, rC+}
 41813 | Elf:3    | Found the +15 Maxwell's patent armour {-Cast -Tele rElec
                  | Will+ rCorr}
 41814 | Elf:3    | Found the +7 pair of quick blades "Gyre" and "Gimble"
                  | {protect}
 41828 | Elf:3    | Identified the +2 scythe of Sarphuatt {drain, Str+6 Int-2
                  | Stlth+}
 41853 | Elf:3    | Identified the +5 short sword "Yril" {vamp, rN+ SInv
                  | Stlth+}
 41873 | Elf:3    | Identified the +6 chain mail "Papsoezi" {+Blink}
 42269 | Vaults:1 | Entered Level 1 of the Vaults
 42399 | Vaults:1 | Reached skill level 19 in Fighting
 42946 | Vaults:1 | Reached skill level 20 in Fighting
 42948 | Vaults:1 | Got Pecuh's Tome of Clay
 43197 | Vaults:1 | Got Cikegu's Incunabulum of the Blaze
 43215 | Vaults:1 | Noticed Donald
 43229 | Vaults:1 | Killed Donald
 43230 | Vaults:1 | Reached XP level 20. HP: 194/194 MP: 24/24
 43356 | Vaults:1 | Found Ynwoprepai's Jewellery Shoppe.
 43504 | Vaults:1 | You are sucked into a shaft and drop 1 floor!
 43816 | Vaults:1 | Reached skill level 21 in Fighting
 44696 | Vaults:2 | Reached skill level 22 in Fighting
 44881 | Vaults:2 | Found a staircase to the Crypt.
 45741 | Vaults:3 | Reached skill level 23 in Fighting
 45977 | Vaults:3 | Reached XP level 21. HP: 194/211 MP: 25/25
 47016 | Vaults:4 | Noticed Margery
 47225 | Vaults:4 | Found a crumbling gateway.
 47235 | Desolati | Entered the Desolation of Salt
 47377 | Desolati | Reached skill level 24 in Fighting
 47926 | Vaults:4 | Identified the +1 cloak "Fibuisse" {rC- Regen+ Str+2}
 48041 | Vaults:4 | Cast into level 2 of the Abyss (hell knight)
 48088 | Vaults:4 | Escaped the Abyss
 48155 | Vaults:4 | HP: 10/215 [Margery/fireball (42)]
 48157 | Vaults:4 | Killed Margery
 48173 | Vaults:4 | HP: 8/215 [hell knight/bolt of fire[Margery] (22)]
 48729 | Vaults:5 | Entered Level 5 of the Vaults
 48762 | Vaults:4 | Reached skill level 25 in Fighting
 48812 | Vaults:5 | Noticed a golden dragon
 48827 | Vaults:5 | HP: 9/217 [quicksilver dragon/bolt of dispelling energy
                  | (25)]
 48829 | Vaults:5 | Mangled by a war gargoyle

Illustrated notes

Levels and vault maps discovered:
D:1:      amcnicky_arrival_gap_in_the_tavern_cellar, layout_basic, serial_shops,
          nicolae_shop_statue_plus, shop
D:2:      layout_loops_ring, serial_shops, shop,
          hellmonk_ecumenical_altar_blasted, minmay_misc_feat_secret_circle,
          nicolae_elevator_lobby_asterisk
D:3:      layout_loops_corners, nzn_wu_jian_council_hall,
          mainiacjoe_overflow_alcove_4
D:4:      layout_rooms, chequers_temple_overflow_statue_of_worship
D:5:      layout_gridville, makhleb_heckhound_becter, lemuel_crystal_altar,
          minmay_temple_entry_large_hall, nicolae_ossuary_entry_monument,
          uniq_menkaure, uniq_ijyb, uniq_grinder
D:6:      layout_rooms, lemuel_mausoleum_altar_kikubaaqudgha,
          cheibrodos_ashenzari_chains, uniq_sigmund, uniq_prince_ribbit1
D:7:      layout_basic, lemuel_tele_altar, grunt_potential
D:8:      layout_cave_pools, serial_shops, nicolae_stop_n_shop_1,
          amethyst_killhole, nicolae_grassy_gnolls
D:9:      minmay_the_grid_triangle_9x9_rhombus_thin
          [minmay_the_grid_triangle_9x9_empty,
          minmay_the_grid_triangle_9x9_prize_center,
          minmay_the_grid_triangle_9x9_thin_v,
          minmay_the_grid_triangle_9x9_swiss_cheese], layout_gridville,
          lemuel_doored_altar, grunt_qazlal_clouds, doesnt_xom_only_xom,
          erik_lair_orcish_takeover, serial_shops, shop_fountains,
          minmay_misc_feat_x, uniq_psyche
D:10:     layout_roguey, nicolae_overflow_crystal_walls, hiddenorc2_lemuel,
          serial_shops, shop, the_hattery, uniq_joseph
D:11:     layout_stronghold, minmay_crystal_water
D:12:     layout_basic, serial_undead, serial_undead_f, serial_undead_e,
          serial_undead_c, serial_undead_e, serial_undead_b, serial_undead_c,
          minmay_lindwurm_lava
D:13:     layout_layer_cave, david_vaults_1, portal_ice_cave_rime,
          kennysheep_generic_room_5
D:14:     layout_irregular_city, minmay_stone_trees_small,
          gauntlet_entry_generic, gammafunk_ghost_hydra_chop, vehumet_statue
D:15:     gammafunk_enter_depths_forms, layout_stronghold,
          nicolae_ru_awakened_eye
Lair:1:   layout_regular_city, eino_small_chamber_without_monster,
          infiniplex_staircase_pool_2, lemuel_fruit_fields,
          serial_bayou_shore_a, serial_bayou_shore_b, lemuel_fruit_tree
Lair:2:   layout_roguey, minmay_swamp_entry_wisps, small_statue_intersection
Lair:3:   layout_roguey, guppyfry_snake_entry_garden
Lair:4:   dreamdust_isle_of_ice, layout_cave_shapes, minmay_lair_drake_nest,
          grunt_megastairs_5
Lair:5:   gammafunk_worm_tunnel, layout_gridlike
Lair:6:   evil_forest, layout_regular_city, slime_altar_1,
          ebering_ghost_funeral_grove
Swamp:1:  layout_falls_marsh, hangedman_swamp_ruin_hall, swamp_pool1
Swamp:2:  layout_falls_marsh, nicolae_swamp_orc_logging_accident, uniq_louise,
          uniq_frances
Swamp:3:  layout_basic_swamp, nicolae_swamp_little_tower
Swamp:4:  swamp_alternative, layout_basic_swamp, uniq_kirke
Snake:1:  nicolae_snake_crotalidae_crossing, layout_rooms,
          serial_bayou_lagoon_a, serial_bayou_shore_b
Snake:2:  layout_onion, nicolae_snake_ghostly_warrior_ritual, uniq_vashnia,
          uniq_aizul
Snake:3:  layout_onion, minmay_shop_star, uniq_mlioglotl, uniq_bai_suzhen
Snake:4:  hellmonk_snake_rune_quicksilver_temple, layout_layer_cave, basic_altar
Orc:1:    layout_caves, basic_altar, serial_shops,
          nicolae_shop_advertising_works [nicolae_subvault_shop_adworks]
Orc:2:    st_orc_ogre_mass, layout_diamond_mine, serial_shops, shop
Elf:1:    nicolae_elf_arrival_fired_up, layout_geoelf_octagon, serial_glass,
          glass_columns_a, glass_columns_a, minmay_strange_pillars,
          minmay_strange_pillars, due_unseen_surprise, minivault_28
Elf:2:    elven_hall_of_blades_hangedman_alternative
          [nicolae_vaults_blade_armed_guards], layout_gridlike, basic_altar,
          serial_shops, nicolae_take_the_stairs, minivault_25_ag
Elf:3:    minmay_elf_hall, layout_gridlike, uniq_saint_roka
Vaults:1: nicolae_vaults_circle_grid_a, hangedman_vaults_stretched_pinwheel,
          grunt_vaults_bifocal, st_lines, grunt_vaults_hallway_long,
          hangedman_vaults_stagger, vaults_room_grid, v_misc_3, v_misc_24,
          ontoclasm_vaults_chip, v_misc_26, nicolae_vaults_sealed_display,
          v_misc_14, grunt_vaults_trifunnel, vaults_room_pools,
          layout_vaults_big_cross, serial_shops, nicolae_shop_stone,
          serial_hangedman_research, hangedman_research_geology,
          hangedman_research_pyrotechnics, uniq_donald
Vaults:2: minmay_crypt_entry_simple_round, dpeg_vaults_monster_box, v_misc_22,
          nicolae_vaults_stairing_the_circle, v_pattern_2,
          nicolae_vaults_border_crossing, nicolae_vaults_network_square,
          v_alt_pattern_5, nicolae_vaults_little_squares_2, vaults_room_pools,
          ontoclasm_vaults_misaligned, st_lattice, layout_vaults_ring
Vaults:3: st_cross, grunt_vaults_twisty, ontoclasm_vaults_pinch,
          vaults_dpeg_spiral, ontoclasm_vaults_decontamination,
          nicolae_vaults_bisected_slash, vaults_room_stairs_pillars,
          layout_vaults_omnigrid
Vaults:4: portal_desolation_entry_nicolae_slug, hangedman_vaults_pinch,
          vaults_mumra_bighexcomb, ontoclasm_vaults_gateway,
          vaults_dpeg_diagonal, ontoclasm_vaults_hangar, serial_ice_m,
          vaults_room_fancy_cross, vaults_room_fancy_cross, layout_vaults_maze,
          uniq_margery
Vaults:5: serial_shops

Skill      XL: |  1  2  3  4  5  6  7  8  9 10 11 12 13 14 15 16 17 18 19 20 21 |
---------------+----------------------------------------------------------------+-----
Long Blades    | 3 4 5 6 8 9 10 12 | 12.3
Fighting       | 4 6 7 11 13 14 15 17 20 23 25 | 25.1
Armour         | 4 6 7 10 12 13 15 17 19 20 | 20.0
Axes           | 2 9 12 14 | 14.6
Invocations    | 3 5 6 7 |  7.1
Dodging        | 4 |  4.0
Shields        | 4 11 12 14 17 20 | 20.0
Maces & Flails | 5 13 15 16 17 18 20 21 | 21.4

Action                   |  1- 3 |  4- 6 |  7- 9 | 10-12 | 13-15 | 16-18 | 19-21 || total
-------------------------+-------+-------+-------+-------+-------+-------+-------++-------
Melee: Falchion          |    60 |   124 |   218 |       |       |       |       ||   402
       Headbutt          |     8 |    19 |    73 |   197 |   269 |   278 |   347 ||  1191
       Punch             |     1 |       |     7 |     9 |       |       |       ||    17
       Hand axe          |       |       |   122 |   748 |   290 |       |       ||  1160
       Flail             |       |       |       |    31 |       |       |       ||    31
       Eveningstar       |       |       |       |       |   958 |  1330 |  1337 ||  3625
Throw: Dart              |       |       |    14 |    31 |    14 |     9 |     5 ||    73
Invok: Depart the Abyss  |     1 |       |       |       |       |       |     3 ||     4
       Bend Space        |       |       |       |     2 |       |       |     1 ||     3
       Brand Weapon With |       |       |       |       |     1 |       |       ||     1
Evoke: Wand              |       |       |       |     4 |       |     2 |       ||     6
       Tin of tremorston |       |       |       |       |       |       |     1 ||     1
  Use: Scroll            |       |     1 |     9 |    17 |    11 |     1 |     7 ||    46
       Potion            |       |       |     1 |     4 |     1 |     2 |    11 ||    19
Armor: Leather armour    |    11 |    29 |     3 |       |       |       |       ||    43
       Ring mail         |       |       |    43 |       |       |       |       ||    43
       Plate armour      |       |       |    70 |   326 |   589 |    19 |   651 ||  1655
       Crystal plate arm |       |       |       |       |       |   776 |   128 ||   904
Dodge: Dodged            |    41 |    59 |   181 |   306 |   431 |   448 |   535 ||  2001
Block: Kite shield       |       |       |       |    41 |   651 |  1034 |  1037 ||  2763
